 Dungeon Crawl Stone Soup version 0.23-a0-586-gacb4b3f (webtiles) character file.

46 zishaf the Sneak (level 3, 0/27 HPs)
             Began as a Vampire Assassin on Dec 19, 2018.
             Slain by a hippogriff (2 damage)
             ... on level 2 of the Dungeon.
             The game lasted 00:02:13 (1101 turns).

zishaf the Sneak (Vampire Assassin)                 Turns: 1101, Time: 00:02:13

Health: 0/27       AC:  6    Str: 11    XL:     3   Next: 44%
Magic:  3/3        EV: 11    Int: 13    God:
Gold:   18         SH:  0    Dex: 15    Spells: 2/2 levels left

rFire    . . .     SeeInvis +   a - +2 dagger
rCold    + . .     Gourm    .   (no shield)
rNeg     + + .     Faith    .   p - +0 ring mail
rPois    +         Spirit   .   (no helmet)
rElec    .         Reflect  .   d - +0 cloak
rCorr    .         Harm     .   (no gloves)
MR       .....                  (no boots)
Stlth    ++++......             (no amulet)
HPRegen  0.04/turn              (no ring)
MPRegen  0.08/turn              (no ring)

@: regenerating slowly
A: fangs 3, see invisible, unbreathing
a: Bat Form


You were on level 2 of the Dungeon.
You were thirsty.

You visited 1 branch of the dungeon, and saw 2 of its levels.

You collected 18 gold pieces.

Inventory:

Hand Weapons
 a - a +2 dagger (weapon)
 b - a +0 blowgun
Missiles
 e - 8 poisoned needles
 f - 2 curare-tipped needles
Armour
 c - a +0 robe
 d - a +0 cloak (worn)
 o - a +0 leather armour
 p - a +0 ring mail (worn)
Scrolls
 i - a scroll of fog {unknown}
 j - a scroll of teleportation {unknown}
 k - a scroll of amnesia {unknown}
 l - a scroll of random uselessness {unknown}
 n - a scroll of fear {unknown}
Potions
 g - 11 potions of blood
 h - a potion of magic {unknown}
Comestibles
 m - a ration


   Skills:
 + Level 2.2 Fighting
 + Level 2.7 Short Blades
 - Level 2.0 Throwing
 + Level 0.0 Armour
 + Level 1.8 Dodging
 + Level 6.3 Stealth


You had 2 spell levels left.
You didn't know any spells.
Your spell library was empty.

Dungeon Overview and Level Annotations

Branches:
Dungeon (2/15)

Altars:


Innate Abilities, Weirdness & Mutations

You heal slowly.
You have razor-sharp teeth.
You have supernaturally acute eyesight. (SInv)
You can survive without breathing.


Message History

You hit the hippogriff.
The hippogriff is almost dead.
The hippogriff barely misses you. The hippogriff misses you.
The hippogriff claws you but does no damage.
You hit the hippogriff but do no damage.
You bite the hippogriff, but do no damage.
The hippogriff is almost dead.
The hippogriff bites you. The hippogriff pecks you!
* * * LOW HITPOINT WARNING * * *
The hippogriff claws you but does no damage.
You hit the hippogriff.
The hippogriff is almost dead.
The hippogriff bites you but does no damage.
The hippogriff pecks you.
* * * LOW HITPOINT WARNING * * *
The hippogriff claws you but does no damage.
You barely miss the hippogriff.
The hippogriff is almost dead.
The hippogriff closely misses you. The hippogriff pecks you.
You die...

#.###....##.# #.# #
#†...##.# #.# #.#
#....##.# ##.#)
#######.# ..... #.#
...... #.### #
.....$########...#.##.#
.#.#.............†....#
.......@...........#..#
......H.$...####.#..<.#
.##########.# #.#....#
#.# #.#....# #.# #.#
...# #.# #.# ...# #.#
.. #.#


You could see a hippogriff.

Vanquished Creatures
  2 oozes (D:1)
  A dart slug (D:1)
  A leopard gecko (D:1)
  3 giant cockroaches
  3 goblins (D:1)
  4 hobgoblins (D:1)
  3 jackals (D:1)
  6 bats (D:1)
  A frilled lizard (D:1)
  4 kobolds (D:1)
  5 rats (D:1)
33 creatures vanquished.

Notes
Turn   | Place    | Note
-------+----------+-------------------------------------------
     0 | D:1      | zishaf the Vampire Assassin began the quest for the Orb.
     0 | D:1      | Reached XP level 1. HP: 16/16 MP: 1/1
   110 | D:1      | Reached skill level 6 in Stealth
   118 | D:1      | Reached XP level 2. HP: 16/22 MP: 2/2
   697 | D:1      | Reached XP level 3. HP: 27/27 MP: 3/3
  1089 | D:2      | Noticed a hippogriff
  1101 | D:2      | Slain by a hippogriff

Vault maps used:
D:1:      kennysheep_arrival_forest, roderic_roman_lattice
D:2:      grunt_temple_overflow_opulence, nrook_mini_vaults

Skill      XL: |  1  2  3 |
---------------+----------+-----
Stealth        | 6 |  6.3
Fighting       | 2 |  2.2
Throwing       | 2 |  2.0
Short Blades   | |  2.7
Dodging        | |  1.8

Action                   || total
-------------------------++-------
Melee: Dagger            ||    86
       Bite              ||     7
 Stab: Sleeping          ||    16
Armor: Robe              ||    17
       Ring mail         ||     5
Dodge: Dodged            ||    44

Table legend:
 A = Non-vault XP
 B = Vault XP
 C = Vault XP percentage of total XP
 D = Non-vault monster count
 E = Vault monster count
 F = Vault count percentage of total count
                 A         B        C        D         E       F
            +---------+---------+-------+---------+---------+-------
      Total |      66 |       0 |   0.0 |      33 |       0 |   0.0
            +---------+---------+-------+---------+---------+-------
        D:1 |      62 |       0 |   0.0 |      31 |       0 |   0.0
        D:2 |       4 |       0 |   0.0 |       2 |       0 |   0.0
            +---------+---------+-------+---------+---------+-------
